 Dungeon Crawl Stone Soup version 0.19.4-8-ga85b6b9 (webtiles) character file.

6403 Naow the Severer (level 10, -21/115 HPs)
             Began as a Minotaur Berserker on Feb 13, 2017.
             Was a High Priest of Trog.
             Demolished by an orc knight
             ... wielding a +0 long sword
              (36 damage)
             ... on level 9 of the Dungeon.
             The game lasted 00:14:07 (11372 turns).

Naow the Severer (Minotaur Berserker)              Turns: 11372, Time: 00:14:07

Health: -21/115    AC: 13    Str: 29    XL:     10   Next: 66%
Magic:  3/3        EV:  8    Int:  4    God:    Trog [*****.]
Gold:   352        SH:  0    Dex: 11    Spells: 0 memorised, 9 levels left

rFire  . . .     SeeInvis .     h - +3 battleaxe (antimagic)
rCold  . . .     Gourm    .     R - +0 plate armour
rNeg   . . .     Faith    .     (shield currently unavailable)
rPois  .         Spirit   .     (helmet restricted)
rElec  .         Reflect  .     q - +0 cloak (curse)
rCorr  .         Harm     .     I - -2 pair of gloves (curse)
MR     .....                    F - +0 pair of boots
Stlth  ..........               (no amulet)
                                (no ring)
                                (no ring)

@: berserking, very quick
A: retaliatory headbutt, horns 2
a: Berserk, Trog's Hand, Brothers in Arms, Burn Spellbooks, Renounce Religion


You were on level 9 of the Dungeon.
You worshipped Trog.
Trog was extremely pleased with you.
You were not hungry.

You visited 1 branch of the dungeon, and saw 9 of its levels.
You also visited: Sewer.

You collected 352 gold pieces.

Inventory:

Hand Weapons
 a - a +0 hand axe
 h - a +3 antimagic battleaxe (weapon)
 O - a +0 long sword
Armour
 b - a +0 animal skin
 l - a +0 pair of boots
 q - a cursed +0 cloak (worn)
 F - a +0 pair of boots (worn)
 I - a cursed -2 pair of gloves (worn)
 R - a +0 plate armour (worn)
Jewellery
 u - a +2 ring of intelligence {unknown}
 C - an uncursed ring of protection from cold {unknown}
Wands
 i - a wand of polymorph (5/24)
 J - a wand of flame (10/48)
 M - a wand of iceblast (1/15)
 N - a wand of enslavement (12/24)
 P - a wand of flame (22/48)
 Q - a wand of confusion (11/48)
Scrolls
 g - 11 scrolls of identify {unknown}
 n - 8 scrolls of remove curse {unknown}
 r - 5 scrolls of teleportation {unknown}
 v - 2 scrolls of enchant armour {unknown}
 x - 3 scrolls of enchant weapon {unknown}
 y - 3 scrolls of fear {unknown}
 z - 2 scrolls of amnesia {unknown}
 A - a scroll of recharging {unknown}
 D - a scroll of blinking {unknown}
 G - a scroll of noise {unknown}
 H - a scroll of magic mapping {unknown}
 K - a scroll of immolation {unknown}
 L - 2 scrolls of vulnerability {unknown}
Potions
 d - 6 potions of curing {unknown}
 e - 2 potions of cure mutation {unknown}
 f - 2 potions of brilliance {unknown}
 j - 3 potions of cancellation {unknown}
 k - 3 potions of might {unknown}
 m - a potion of berserk rage {unknown}
 o - a potion of haste {unknown}
 p - 4 potions of heal wounds {unknown}
 s - a potion of magic {unknown}
 w - a potion of flight {unknown}
 E - 2 potions of lignification {unknown}
Comestibles
 c - 13 bread rations
 t - 4 meat rations
 B - 6 fruits
 S - 11 chunks of flesh


   Skills:
 - Level 3.6 Fighting
 + Level 17.7 Axes
 + Level 4.7 Armour
 - Level 2.1 Dodging


You had 9 spell levels left.
You didn't know any spells.

Dungeon Overview and Level Annotations

Branches:
Dungeon (9/15)             Temple (0/1) D:6            Lair (0/6) D:8
    Orc: D:9-12

Altars:
Cheibriados
Dithmenos
Elyvilon
Fedhas
Gozag
Hepliaklqana
Kikubaaqudgha
Sif Muna
Vehumet
Yredelemnul

Shops:
D:7 [


Innate Abilities, Weirdness & Mutations

You reflexively headbutt those who attack you in melee.
You have a pair of horns on your head.


Message History

Your Armour skill increases to level 4!
You closely miss the orc warrior. You hit the orc warrior. You slice the orc!!
You kill the orc!
Trog accepts your kill.
You hit the orc knight.
Your plate armour prevents you from hitting the orc knight.
Your headbutt misses the orc knight.
The orc knight is severely wounded.
You hit the orc warrior. You closely miss the orc warrior. You slash the orc!
You kill the orc!
Trog accepts your kill.
The orc warrior hits you but does no damage.
The orc warrior hits you with a flail!
* * * LOW HITPOINT WARNING * * *
Your plate armour prevents you from hitting the orc knight.
The orc knight is severely wounded.
You closely miss the orc warrior. You hit the orc warrior.
Your plate armour prevents you from hitting the orc.
The orc knight hits you with a long sword!!!
You die...

##########''''#############[).#
...#....#.....).....#(###
...'....'.....).....'.#
...#....#...........#(#
#####################[#
..........'.#......#
.......o..#.#......#
......oo[.#(##÷###.#
....§oo@o.#.#....#.#
#########'###)...#.#
#......).'....#+#
###############


You could see an orc knight, 2 orc warriors and 3 orcs.

Vanquished Creatures
  An orc knight (D:9)
  An orc sorcerer (D:9)
  A deep elf mage (D:7)
  A hippogriff (D:6)
  A spriggan (D:7)
  A yak (D:8)
  A hungry ghost (D:7)
  4 wargs (D:9)
  2 orc warriors (D:9)
  A black bear (D:6)
  2 sky beasts
  3 ice beasts
  2 phantoms
  4 ogres
  A centaur (D:6)
  A big kobold (Sewer)
  4 bullfrogs
  A water moccasin zombie (D:7)
  A water moccasin skeleton (D:7)
  4 scorpions
  5 killer bees (D:9)
  7 wights
  2 howler monkeys (D:8)
  3 vampire bats (D:4)
  A bullfrog zombie (D:6)
  4 crimson imps
  A centaur zombie (D:7)
  A jelly (D:7)
  6 orc priests
  5 hounds
  6 orc wizards
  A bullfrog skeleton (D:7)
  Terence (D:3)
  3 iguanas
  3 worker ants
  A killer bee zombie (D:3)
  A hound zombie (D:8)
  2 howler monkey zombies
  15 adders
  A river rat (D:8)
  4 shadow imps
  4 oozes
  An adder skeleton (D:8)
  6 worms
  3 dart slugs
  8 leopard geckos
  66 orcs
  10 bats
  6 bat zombies (D:4)
  8 giant cockroaches
  8 goblins
  8 hobgoblins
  11 jackals
  4 quokkas
  2 ball pythons
  5 frilled lizards
  A jackal skeleton (D:5)
  10 kobolds
  A leopard gecko skeleton (D:6)
  8 rats
280 creatures vanquished.

Vanquished Creatures (others)
  A wight (D:6)
  A fungus (D:8)
2 creatures vanquished.

Grand Total: 282 creatures vanquished

Notes
Turn   | Place    | Note
-------+----------+-------------------------------------------
     0 | D:1      | Naow the Minotaur Berserker began the quest for the Orb.
     0 | D:1      | Reached XP level 1. HP: 19/19 MP: 0/0
    25 | D:1      | Reached skill level 4 in Axes
   138 | D:1      | Reached XP level 2. HP: 26/26 MP: 1/1
   495 | D:1      | Reached skill level 5 in Axes
   917 | D:2      | Reached XP level 3. HP: 29/31 MP: 2/2
   925 | D:2      | Reached ** piety under Trog
  1289 | D:2      | Found a radiant altar of Vehumet.
  1290 | D:2      | Found an opulent altar of Gozag.
  1828 | D:2      | Reached XP level 4. HP: 39/39 MP: 3/3
  1930 | D:3      | Reached skill level 6 in Axes
  2168 | D:3      | Reached skill level 7 in Axes
  2168 | D:3      | Reached XP level 5. HP: 29/45 MP: 4/4
  2514 | D:3      | Noticed Terence
  2524 | D:3      | Killed Terence
  2658 | D:3      | Reached *** piety under Trog
  2658 | D:3      | Reached skill level 8 in Axes
  2866 | D:3      | Found a shadowy altar of Dithmenos.
  3248 | D:3      | Reached XP level 6. HP: 50/51 MP: 5/5
  3579 | D:4      | Found a glowing drain.
  3603 | Sewer    | Entered a sewer
  4002 | Sewer    | Reached skill level 9 in Axes
  4247 | D:4      | Reached XP level 7. HP: 54/57 MP: 6/6
  4249 | D:4      | Reached **** piety under Trog
  4283 | D:4      | Reached skill level 10 in Axes
  4856 | D:4      | Found an ancient bone altar of Kikubaaqudgha.
  4903 | D:4      | Reached skill level 11 in Axes
  5236 | D:5      | Entered Level 5 of the Dungeon
  5250 | D:5      | Reached XP level 8. HP: 54/64 MP: 7/7
  6089 | D:6      | Reached skill level 12 in Axes
  6320 | D:6      | Reached skill level 13 in Axes
  6938 | D:6      | Found a basalt altar of Yredelemnul.
  6941 | D:6      | Noticed a hippogriff
  6950 | D:6      | Killed a hippogriff
  6950 | D:6      | Reached XP level 9. HP: 28/70 MP: 8/8
  7369 | D:6      | Found a staircase to the Ecumenical Temple.
  7370 | D:6      | Reached skill level 14 in Axes
  7593 | D:6      | Found a deep blue altar of Sif Muna.
  7997 | D:7      | Reached ***** piety under Trog
  8267 | D:7      | Found a hazy altar of Hepliaklqana.
  8272 | D:7      | Found Cefurybb's Armour Shop.
  8403 | D:7      | Reached skill level 15 in Axes
  8580 | D:7      | Found a blossoming altar of Fedhas.
  8584 | D:7      | Noticed a deep elf mage
  8596 | D:7      | Killed a deep elf mage
  8885 | D:7      | Reached skill level 16 in Axes
  9152 | D:8      | Found a white marble altar of Elyvilon.
  9527 | D:8      | Reached XP level 10. HP: 40/77 MP: 9/9
 10000 | D:8      | Found a staircase to the Lair.
 10474 | D:9      | Reached skill level 17 in Axes
 10505 | D:9      | Found a snail-covered altar of Cheibriados.
 10737 | D:9      | Received a gift from Trog
 11356 | D:9      | Noticed an orc knight
 11357 | D:9      | Noticed an orc sorcerer
 11357 | D:9      | Noticed an orc knight
 11368 | D:9      | Killed an orc sorcerer
 11369 | D:9      | Killed an orc knight
 11372 | D:9      | Demolished by an orc knight

Skill      XL: |  1  2  3  4  5  6  7  8  9 10 |
---------------+-------------------------------+-----
Axes           | 4 5 7 8 9 11 13 16 17 | 17.7
Armour         | 4 |  4.7
Fighting       | |  3.6
Dodging        | |  2.1

Action                   |  1- 3 |  4- 6 |  7- 9 | 10-12 || total
-------------------------+-------+-------+-------+-------++-------
Melee: Hand axe          |   102 |   168 |   437 |   102 ||   809
       Headbutt          |    16 |    24 |    94 |    25 ||   159
       Battleaxe         |       |       |       |    41 ||    41
Invok: Berserk           |       |     2 |     3 |     6 ||    11
       Trog's Hand       |       |       |       |     1 ||     1
 Stab: Sleeping          |       |       |     2 |       ||     2
  Eat: Chunk             |     3 |    10 |    16 |    11 ||    40
       Royal jelly       |       |       |     1 |       ||     1
       Beef jerky        |       |       |     2 |       ||     2
Armor: Animal skin       |    18 |    25 |    55 |     9 ||   107
       Plate armour      |       |       |       |    15 ||    15
Dodge: Dodged            |    53 |    82 |   191 |    52 ||   378
